 Dungeon Crawl Stone Soup version 0.30.1-9-gdf580d7c3d (webtiles) character file.

Game seed: 5518332118401529795

44 Peloso the Trooper (level 3, 33/33 HPs)
             Began as a Minotaur Fighter on Oct 10, 2023.
             Got out of the dungeon alive.
             The game lasted 00:02:52 (1906 turns).

Peloso the Trooper (Minotaur Fighter)               Turns: 1906, Time: 00:02:52

Health: 33/33      AC: 12    Str: 16 (19) XL:     3   Next: 39%
Magic:  2/2        EV:  4    Int:  2 (4)  God:
Gold:   136        SH:  5    Dex: 14 (15) Spells: 2/2 levels left

rFire   . . .        a - +0 long sword
rCold   . . .        d - +0 buckler
rNeg    . . .        n - +0 plate armour
rPois   .            (helmet restricted)
rElec   .            (no cloak)
rCorr   .            (no gloves)
SInv    .            c - +0 pair of boots
Will    .....        (no amulet) Stlth
                     (no ring)
HPRegen 0.25/turn    (no ring)
MPRegen 0.08/turn

%: no passive effects
@: no status effects
A: horns 2, retaliatory headbutt, hooves 1, agile 1
a: no special abilities


You escaped.
You visited 1 branch of the dungeon, and saw 2 of its levels.

You collected 136 gold pieces.

Inventory:

Hand Weapons
 a - a +0 long sword (weapon)
Armour
 b - a +0 scale mail
 c - a +0 pair of boots (worn)
 d - a +0 buckler (worn)
 n - a +0 plate armour (worn)
Jewellery
 f - a ring of protection from cold
Scrolls
 g - a scroll of teleportation
 i - 2 scrolls of identify {unknown}
 j - a scroll of silence {unknown}
Potions
 e - 2 potions of degeneration
 h - a potion of heal wounds
 l - a potion of invisibility {unknown}
 m - a potion of might
 o - a potion of curing {unknown}


   Skills:
 + Level 4.2 Fighting
 + Level 3.1 Long Blades
 + Level 4.0 Armour
 + Level 0.8 Dodging
 + Level 4.0 Shields


You had 2 spell levels left.
You didn't know any spells.
Your spell library was empty.

Dungeon Overview and Level Annotations

Branches:
Dungeon (2/15)

Altars:
Vehumet


Innate Abilities, Weirdness & Mutations

You have a pair of horns on your head.
You reflexively headbutt those who attack you in melee.
You have large cloven feet.
You are agile. (Dex +4, Str/Int -1)


Message History

You see here a ball python skeleton.
You see here a +0 dagger of venom.
You see here a +0 short sword.
Found an escape hatch in the ceiling.
There is an escape hatch in the ceiling here.
There is an escape hatch in the ceiling here.
As you open the door, it creaks loudly!
There is an open door here.
Things that are here:
a +0 spear; a kobold skeleton
Things that are here:
a +0 spear; a kobold skeleton
There is a fountain of clear blue water here.
You see here a +0 scale mail.
There is an open door here.
Done exploring.
Done exploring.
Done exploring.
You see here a +1 heavy war axe.
It was a potion of degeneration.
There was something very wrong with that liquid.
You feel weakened.
You feel dopey.
You feel clumsy.
It was a potion of mutation.
You feel extremely strange.
You feel clever.
Really quaff the potion of mutation?
You feel extremely strange.
You feel stupid.
Your feet thicken and deform.
You feel agile.
(D) Dungeon
Where to? (Enter - D:2 @ (x,y), ? - help)
What level of the Dungeon? (default 1, ? - help)
You see here a +0 dagger.
There is a fountain of clear blue water here.
There is a stone staircase leading up, spattered with blood here.
You climb upwards.
There is a stone staircase leading down here.
There is a staircase leading out of the dungeon here.
Are you sure you want to leave the Dungeon?
This will make you lose the game!
Alright, then stay!
Are you sure you want to leave the Dungeon?
This will make you lose the game!
You have escaped!

##......#.#...#........#.####....
.#.######..#...#.#....#..#.......
......# #...#...#....#...#.###.#.
##.##.###....#.#.#..#....#.###.#.
#......#.....#.(.##.....#.##..#.
########....#...#.#.....#.##.##.
#########...#...#...#....#....##.
..#.....#..#...#.#...#.#.#.......
..#.###..[#...#.@.#...#....##.###
........#.)..#.......#.#.#.##.#
..#.##..#...#.#.....#...##.##.#
.[#.##..#..#...#...#.....#.##.#
###.....#.....#.#.##.....#....#
####..#....#...#..#....#.##.###
####...#...#....#...#.......
#########..#...#......#..#.##.###
).......#.#............#.#.......


There were no monsters in sight!

Vanquished Creatures
  An adder (D:2)
  A ball python (D:2)
  2 endoplasms
  A giant cockroach (D:2)
  3 goblins
  3 hobgoblins
  2 jackals (D:1)
  6 kobolds
  2 quokkas (D:1)
  3 bats
  2 frilled lizards (D:2)
  6 rats
32 creatures vanquished.

Notes
Turn   | Place    | Note
-------+----------+-------------------------------------------
     0 | D:1      | Peloso the Minotaur Fighter began the quest for the Orb.
     0 | D:1      | Reached XP level 1. HP: 19/19 MP: 0/0
   220 | D:1      | Reached XP level 2. HP: 25/27 MP: 1/1
  1269 | D:2      | Reached XP level 3. HP: 18/33 MP: 2/2
  1446 | D:2      | Found a radiant altar of Vehumet.
  1849 | D:2      | Gained mutation: Your mind is acute. (Int +4, Str/Dex -1)
                  | [potion of mutation]
  1850 | D:2      | Lost mutation: Your mind is acute. (Int +4, Str/Dex -1)
                  | [potion of mutation]
  1850 | D:2      | Gained mutation: You have large cloven feet. [potion of
                  | mutation]
  1850 | D:2      | Gained mutation: You are agile. (Dex +4, Str/Int -1)
                  | [potion of mutation]
  1906 | D:$      | Got out of the dungeon alive.

Illustrated notes

Levels and vault maps discovered:
D:1:      matt_arrival_diagonals, layout_loops_cross
D:2:      layout_loops_ring, basic_altar, chequers_serial_rivers_micro_e,
          grunt_ministairs_13, kennysheep_potato

Skill      XL: |  1  2  3 |
---------------+----------+-----
Fighting       | 4 |  4.2
Armour         | 4 |  4.0
Long Blades    | 3 |  3.1
Shields        | 4 |  4.0
Dodging        | |  0.8

Action                     || total
---------------------------++-------
  Melee: Long sword        ||    80
         Headbutt          ||     8
    Use: Potion            ||     6
         Scroll            ||     2
 Armour: Scale mail        ||    45
         Plate armour      ||     4
  Dodge: Dodged            ||    35
  Block: Buckler           ||    21
